 Dungeon Crawl Stone Soup version 0.29.1-12-g30fa7ad0bf (webtiles) character file.

Game seed: 11094254312047320022

277 MisterFreud the Covert (level 6, -3/51 HPs)
             Began as a Gnoll Brigand on Dec 27, 2022.
             Slain by Pikel
             ... wielding a +0 whip of freezing
              (6 damage)
             ... on level 4 of the Dungeon.
             The game lasted 00:04:22 (2689 turns).

MisterFreud the Covert (Gnoll Brigand)              Turns: 2689, Time: 00:04:22

Health: -3/51      AC:  3    Str: 10    XL:     6   Next: 25%
Magic:  9/9        EV: 13    Int: 12    God:
Gold:   186        SH:  0    Dex: 14    Spells: 9/9 levels left

rFire   . . .      SeeInvis .   a - +3 dagger
rCold   . . .      Faith    .   (no shield)
rNeg    . . .      Spirit   .   b - +0 robe
rPois   .          Reflect  .   (no helmet)
rElec   .          Harm     .   c - +0 cloak
rCorr   .          Rampage  .   (no gloves)
Will    +....                   (no boots)
Stlth   ++++......              (no amulet)
HPRegen 0.17/turn               f - +4 ring of slaying
MPRegen 0.11/turn               s - ring of willpower

@: no status effects
A: fangs 1, strong nose, distributed training
a: no special abilities


You were on level 4 of the Dungeon.
You visited 1 branch of the dungeon, and saw 4 of its levels.

You collected 186 gold pieces.

Inventory:

Hand Weapons
 a - a +3 dagger (weapon)
 n - a +0 vorpal long sword
Missiles
 d - 20 poisoned darts (quivered)
 e - 3 curare-tipped darts
 t - 5 boomerangs
Armour
 b - a +0 robe (worn)
 c - a +0 cloak (worn)
 g - an orb of guile
Jewellery
 f - a +4 ring of slaying (left hand)
 h - a ring of flight
 s - a ring of willpower (right hand)
 u - a ring of ice
 v - a ring of ice
Wands
 o - a wand of charming (8)
Scrolls
 p - a scroll of fear
Potions
 j - a potion of brilliance
 k - a potion of curing {unknown}
 l - a potion of ambrosia {unknown}
 m - a potion of invisibility {unknown}
 q - a potion of attraction {unknown}
 r - 3 potions of haste {unknown}


   Skills:
 + Level 5.0 Fighting
 + Level 5.0 Short Blades
 + Level 2.0 Long Blades
 + Level 2.0 Axes
 + Level 2.0 Maces & Flails
 + Level 2.0 Polearms
 + Level 2.0 Staves
 + Level 2.0 Ranged Weapons
 + Level 5.0 Throwing
 + Level 2.0 Armour
 + Level 3.2 Dodging
 + Level 8.0 Stealth
 + Level 2.0 Shields
 + Level 2.0 Unarmed Combat
 + Level 2.0 Spellcasting
 + Level 1.5 Conjurations
 + Level 1.5 Hexes
 + Level 1.5 Summonings
 + Level 1.5 Necromancy
 + Level 1.5 Translocations
 + Level 1.5 Transmutations
 + Level 1.5 Fire Magic
 + Level 1.5 Ice Magic
 + Level 1.5 Air Magic
 + Level 1.5 Earth Magic
 + Level 1.5 Poison Magic
 + Level 2.1 Invocations
 + Level 2.0 Evocations


You had 9 spell levels left.
You didn't know any spells.
Your spell library contained the following spells:

 Spells                   Type           Power      Damage    Failure   Level
 Corpse Rot               Necr/Pois/Air  4%         N/A       82%         4
 Dispel Undead            Necr           4%         3d7       82%         4
 Fireball                 Conj/Fire      2%         3d4       99%         5
 Death Channel            Necr           2%         N/A       100%        6
 Starburst                Conj/Fire      2%         6d3       100%        6
 Ignition                 Fire           2%         3d3       100%        8


Dungeon Overview and Level Annotations

Branches:
Dungeon (4/15)             Temple (0/1) D:4

Altars:
Uskayaw

Annotations:
D:4 Pikel


Innate Abilities, Weirdness & Mutations

You have very sharp teeth.
Your uncanny sense of smell can sniff out nearby items.
Your experience applies equally to all skills.


Message History

The lemure is lightly wounded.
The lemure hits you.
You hit the lemure. Your bite misses the lemure.
The lemure is moderately wounded.
The lemure hits you.
You hit the lemure but do no damage.
The lemure is moderately wounded.
The lemure closely misses you.
You hit the lemure. You bite the lemure, but do no damage.
The lemure is heavily wounded.
You puncture the lemure!
You kill the lemure!
That felt strangely unrewarding.
Pikel shouts!
You puncture Pikel! You bite Pikel.
Pikel is moderately wounded.
Pikel says, "Hell isn't that bad."
Pikel hits you with a +0 whip of freezing!
Pikel freezes you.
You puncture Pikel!
Pikel is severely wounded.
Pikel barely misses you.
You hit Pikel.
Pikel is severely wounded.
Pikel hits you with a +0 whip of freezing!
* * * LOW HITPOINT WARNING * * *
Pikel freezes you.
* * * LOW HITPOINT WARNING * * *
You hit Pikel.
Pikel is almost dead.
You barely miss Pikel.
Pikel is almost dead.
Pikel hits you with a +0 whip of freezing.
* * * LOW HITPOINT WARNING * * *
Pikel freezes you.
* * * LOW HITPOINT WARNING * * *
You hit Pikel.
Pikel is almost dead.
Pikel hits you with a +0 whip of freezing.
You die...

#.#.#..........###..# ∆
#.#.#....#.#...###..#
#.#<#...#.#.#........ ###
#.###..#.#.#.#...#..# ..##
#.#.....#.>.#....#... ...
#.###..#.#.#.#...#... #.#
#.......#.#.#..#.####
#.#..#######....#.#......
#..........@K.............
#####..###########..#######
##.## # #..### ##...## ....
###..# .... ##.# .$... #.#
..... #.# ......


You could see Pikel.

Vanquished Creatures
  Grinder (D:3)
  4 lemures (D:4)
  4 adders
  A worm (D:2)
  A dart slug (D:2)
  3 endoplasms
  A giant cockroach (D:3)
  2 goblins (D:3)
  2 hobgoblins (D:1)
  6 jackals
  3 quokkas
  7 ball pythons
  2 bats
  4 frilled lizards
  8 kobolds
  2 rats
51 creatures vanquished.

Vanquished Creatures (others)
  7 plants (D:3)
7 creatures vanquished.

Grand Total: 58 creatures vanquished

Notes
Turn   | Place    | Note
-------+----------+-------------------------------------------
     0 | D:1      | MisterFreud the Gnoll Brigand began the quest for the Orb.
     0 | D:1      | Reached XP level 1. HP: 20/20 MP: 1/1
   156 | D:1      | Reached XP level 2. HP: 26/26 MP: 2/2
   633 | D:2      | Reached XP level 3. HP: 28/31 MP: 3/3
   813 | D:3      | Noticed Grinder
   991 | D:2      | Reached skill level 1 in Invocations
  1038 | D:2      | Reached skill level 1 in Long Blades
  1038 | D:2      | Reached skill level 1 in Axes
  1038 | D:2      | Reached skill level 1 in Maces & Flails
  1038 | D:2      | Reached skill level 1 in Polearms
  1038 | D:2      | Reached skill level 1 in Staves
  1038 | D:2      | Reached skill level 1 in Ranged Weapons
  1038 | D:2      | Reached skill level 1 in Armour
  1038 | D:2      | Reached skill level 1 in Shields
  1038 | D:2      | Reached skill level 1 in Unarmed Combat
  1038 | D:2      | Reached skill level 1 in Spellcasting
  1038 | D:2      | Reached skill level 1 in Evocations
  1427 | D:3      | Reached XP level 4. HP: 38/38 MP: 5/5
  1565 | D:3      | Found a hide-covered altar of Uskayaw.
  1669 | D:3      | Killed Grinder
  1670 | D:3      | Reached skill level 5 in Fighting
  1670 | D:3      | Reached skill level 5 in Short Blades
  1670 | D:3      | Reached skill level 5 in Throwing
  1670 | D:3      | Reached skill level 8 in Stealth
  1670 | D:3      | Reached skill level 1 in Conjurations
  1670 | D:3      | Reached skill level 1 in Hexes
  1670 | D:3      | Reached skill level 1 in Summonings
  1670 | D:3      | Reached skill level 1 in Necromancy
  1670 | D:3      | Reached skill level 1 in Translocations
  1670 | D:3      | Reached skill level 1 in Transmutations
  1670 | D:3      | Reached skill level 1 in Fire Magic
  1670 | D:3      | Reached skill level 1 in Ice Magic
  1670 | D:3      | Reached skill level 1 in Air Magic
  1670 | D:3      | Reached skill level 1 in Earth Magic
  1670 | D:3      | Reached skill level 1 in Poison Magic
  1670 | D:3      | Reached XP level 5. HP: 14/44 MP: 5/7
  1670 | D:3      | Reached XP level 6. HP: 16/51 MP: 5/8
  2305 | D:4      | Found a staircase to the Ecumenical Temple.
  2497 | D:4      | Noticed Pikel
  2689 | D:4      | Slain by Pikel

Illustrated notes

Levels and vault maps discovered:
D:1:      dpeg_arrival_pond, layout_basic
D:2:      layout_rooms
D:3:      layout_loops_ring, nicolae_uskayaw_dance_hall,
          lexackson_kobold_supper, uniq_grinder
D:4:      layout_basic, mainiacjoe_overflow_paths,
          gammafunk_temple_overflow_pools, minmay_temple_entry_grid,
          gammafunk_ghost_grave, minmay_misc_feat_more_columns, uniq_pikel

Skill      XL: |  1  2  3  4  5  6 |
---------------+-------------------+-----
Invocations    | 1 2 |  2.1
Long Blades    | 1 2 |  2.0
Axes           | 1 2 |  2.0
Maces & Flails | 1 2 |  2.0
Polearms       | 1 2 |  2.0
Staves         | 1 2 |  2.0
Ranged Weapons | 1 2 |  2.0
Armour         | 1 2 |  2.0
Shields        | 1 2 |  2.0
Unarmed Combat | 1 2 |  2.0
Spellcasting   | 1 2 |  2.0
Evocations     | 1 2 |  2.0
Fighting       | 5 |  5.0
Short Blades   | 5 |  5.0
Throwing       | 5 |  5.0
Dodging        | 3 |  3.2
Stealth        | 8 |  8.0
Conjurations   | 1 |  1.5
Hexes          | 1 |  1.5
Summonings     | 1 |  1.5
Necromancy     | 1 |  1.5
Translocations | 1 |  1.5
Transmutations | 1 |  1.5
Fire Magic     | 1 |  1.5
Ice Magic      | 1 |  1.5
Air Magic      | 1 |  1.5
Earth Magic    | 1 |  1.5
Poison Magic   | 1 |  1.5

Action                   |  1- 3 |  4- 6 || total
-------------------------+-------+-------++-------
Melee: Dagger            |    61 |    81 ||   142
       Bite              |     2 |     5 ||     7
       Punch             |       |     1 ||     1
  Use: Scroll            |     5 |       ||     5
       Potion            |       |     1 ||     1
 Stab: Sleeping          |    14 |     4 ||    18
Armor: Robe              |    15 |     5 ||    20
Dodge: Dodged            |    40 |    32 ||    72
